 Dungeon Crawl Stone Soup version 0.18.1-48-g4cf74bf (webtiles) character file.

2543 Gargoyl the Covered (level 9, 0/69 HPs)
             Began as a Demonspawn Abyssal Knight on June 25, 2016.
             Was an Elder of Lugonu.
             Slain by an orc priest
             ... wielding a +0 hand axe
              (1 damage)
             ... on level 8 of the Dungeon.
             The game lasted 00:18:31 (9170 turns).

Gargoyl the Covered (Demonspawn Abyssal Knight)     Turns: 9170, Time: 00:18:33

Health: 0/69       AC: 19    Str: 19 (20) XL:     9   Next: 30%
Magic:  11/11      EV:  9    Int: 12 (13) God:    Lugonu [****..]
Gold:   423        SH:  8    Dex: 13 (14) Spells: 0 memorised, 8 levels left

rFire  + . .     SeeInvis .     H - +0 war axe
rCold  . . .     Gourm    .     e - +0 chain mail
rNeg   . . .     Faith    .     j - +1 buckler
rPois  +         Spirit   .     n - +2 helmet
rElec  .         Dismiss  .     (no cloak)
rCorr  .         Reflect  .     f - +2 pair of gloves
SustAt .         Harm     .     (no boots)
MR     .....                    (no amulet)
Stlth  ..........               p - ring of protection from fire
                                k - ring of poison resistance

@: mighty, not resistant to hostile enchantments, extremely unstealthy
A: talons 2, large bone plates 1, powered by pain 2
a: Depart the Abyss, Bend Space, Banish, Corrupt, Renounce Religion


You were on level 8 of the Dungeon.
You worshipped Lugonu.
Lugonu was greatly pleased with you.
You were very hungry.

You visited 1 branch of the dungeon, and saw 8 of its levels.
You visited the Abyss 1 time.
You also visited: Sewer and Ossuary.

You collected 423 gold pieces.

Inventory:

Hand Weapons
 H - a +0 war axe (weapon)
Missiles
 z - 10 tomahawks (quivered)
Armour
 e - a +0 chain mail (worn)
 f - a +2 pair of gloves (worn)
 j - a +1 buckler (worn)
 n - a +2 helmet (worn)
Jewellery
 a - an uncursed ring of ice {unknown}
 k - a ring of poison resistance (left hand)
 p - a ring of protection from fire (right hand)
 r - an uncursed ring of see invisible
 F - a +4 ring of protection {unknown}
 J - an uncursed ring of sustain attributes {unknown}
Scrolls
 i - 10 scrolls of identify
 u - a scroll of summoning {unknown}
 v - a scroll of acquirement {unknown}
 w - 2 scrolls of fear
 y - 4 scrolls of magic mapping
 A - a scroll of fog {unknown}
 B - 2 scrolls of recharging {unknown}
 D - a scroll of teleportation
 E - a scroll of enchant weapon
Potions
 b - 7 potions of flight
 d - 3 potions of brilliance {unknown}
 g - a potion of cancellation {unknown}
 h - 3 potions of might
 l - 7 potions of degeneration
 m - a potion of resistance {unknown}
 o - 3 potions of curing {unknown}
 s - 2 potions of experience {unknown}
 t - 4 potions of agility {unknown}
 x - a potion of mutation {unknown}
 C - a potion of cure mutation {unknown}
Comestibles
 c - 3 bread rations


   Skills:
 + Level 5.8 Fighting
 + Level 5.1 Axes
 + Level 0.1 Throwing
 * Level 7.8 Armour
 + Level 3.3 Dodging
 + Level 1.1 Stealth
 + Level 3.5 Shields
 + Level 3.4 Invocations


You had 8 spell levels left.
You didn't know any spells.

Dungeon Overview and Level Annotations

Branches:
Dungeon (8/15)
 Temple: D:4-7         Lair: D:8-11

Altars:
Cheibriados
Dithmenos
Elyvilon
Gozag
Kikubaaqudgha
Nemelex Xobeh
Okawaru
Ru
Sif Muna
Vehumet
Yredelemnul

Shops:
D:5 (

Annotations:
D:5 nobody's ghost, novice HOFi


Innate Abilities, Weirdness & Mutations

You have razor-sharp toenails.
You are partially covered in large bone plates (AC +2, SH +2).
You sometimes gain power by taking damage.


Message History

The orc warrior is lightly wounded.
You block the orc warrior's attack.
The orc priest casts a cantrip, but nothing happens.
Unknown command.
Drink which item? (? for menu, Esc to quit)
It was a potion of might.
You feel very mighty all of a sudden. You block the orc warrior's attack.
The orc priest invokes the aid of Beogh against you.
Pain shoots through your body!
* * * LOW HITPOINT WARNING * * *
Drink which item? (? for menu, Esc to quit)
It was a potion of degeneration.
There was something very wrong with that liquid.
You feel weakened.
You feel dopey.
You feel clumsy.
The crimson imp blinks!
The orc warrior hits you with a scimitar.
* * * LOW HITPOINT WARNING * * *
The orc priest hits you with a hand axe.
You die...

#.# #.# #### #.# #.. #.#
#.# #.# ##[## ###
#.####.#.###.# ..#
#....o###o...# #.#
######o#o###.# #.# ##@##
#.# #.# #.# ##.########
##.## #(......... ....#
#######(.#####...
##..#####.....(.ยง#
...............(.######.
###.###########(........
#.......# #)########


You could see an orc warrior, an orc priest, an orc wizard and an orc.

Vanquished Creatures
  A water moccasin (D:8)
  An ice beast (D:5)
  A black bear (D:8)
  Purgy (Sewer)
  A necrophage (D:7)
  5 ogres
  A centaur (D:7)
  A big kobold (D:8)
  6 giant frogs
  3 water moccasin zombies (Ossuary)
  A scorpion (D:6)
  2 howler monkeys (D:4)
  2 crimson imps (D:7)
  A jelly (D:7)
  A wasp zombie (D:7)
  2 hounds
  3 iguanas
  A worker ant (D:7)
  4 orc wizards
  3 big kobold zombies (Ossuary)
  3 mummies
  Robin (D:2)
  9 adders
  A shadow imp (D:7)
  5 adder zombies (Ossuary)
  2 dart slugs (D:1)
  4 giant geckos
  7 orcs
  6 giant cockroaches
  12 hobgoblins
  13 jackals
  2 quokkas
  2 ball pythons
  7 bats
  7 giant newts
  5 gnoll zombies (Ossuary)
  11 goblins
  6 hobgoblin zombies
  16 kobolds
  7 kobold zombies (Ossuary)
  3 orc zombies
  4 rats
174 creatures vanquished.

Vanquished Creatures (others)
  A hungry ghost (D:8)
1 creature vanquished.

Grand Total: 175 creatures vanquished

Notes
Turn   | Place    | Note
--------------------------------------------------------------
     0 | Abyss:1  | Gargoyl the Demonspawn Abyssal Knight began the quest for the Orb.
     0 | Abyss:1  | Reached XP level 1. HP: 18/18 MP: 2/2
    50 | Abyss:2  | Noticed a neqoxec
    58 | D:1      | Escaped the Abyss
   150 | D:1      | Reached skill level 1 in Dodging
   212 | D:1      | Gained mutation: You sometimes gain a little power by taking damage. [demonic ancestry]
   212 | D:1      | Reached XP level 2. HP: 23/24 MP: 4/4
   217 | D:1      | Reached * piety under Lugonu
   535 | D:1      | Reached skill level 2 in Armour
   656 | D:1      | Gained mutation: You have sharp toenails. [demonic ancestry]
   656 | D:1      | Reached XP level 3. HP: 29/29 MP: 5/5
  1367 | D:2      | Noticed Robin
  1377 | D:2      | Killed Robin
  1377 | D:2      | Reached ** piety under Lugonu
  1419 | D:2      | Found a white marble altar of Elyvilon.
  1423 | D:2      | Found a snail-covered altar of Cheibriados.
  1428 | D:2      | Found a sparkling altar of Nemelex Xobeh.
  1490 | D:2      | Reached XP level 4. HP: 30/37 MP: 6/6
  1762 | D:2      | Found a deep blue altar of Sif Muna.
  2532 | D:3      | Found a glowing drain.
  2576 | Sewer    | Entered a sewer
  2657 | Sewer    | Reached skill level 3 in Armour
  2665 | Sewer    | Noticed Purgy
  2693 | Sewer    | Killed Purgy
  2693 | Sewer    | Gained mutation: You have razor-sharp toenails. [demonic ancestry]
  2693 | Sewer    | Reached XP level 5. HP: 15/42 MP: 7/7
  2990 | D:3      | Found a basalt altar of Yredelemnul.
  3740 | D:4      | Noticed an ogre
  3841 | D:4      | Killed an ogre
  3841 | D:4      | Reached skill level 4 in Armour
  3841 | D:4      | Reached skill level 1 in Shields
  3841 | D:4      | Gained mutation: You sometimes gain power by taking damage. [demonic ancestry]
  3841 | D:4      | Reached XP level 6. HP: 11/48 MP: 8/8
  4218 | D:4      | Found a deep blue altar of Sif Muna.
  4481 | D:4      | Reached *** piety under Lugonu
  4481 | D:4      | Reached skill level 1 in Stealth
  4481 | D:4      | Reached XP level 7. HP: 33/55 MP: 9/9
  4705 | D:4      | Found an iron altar of Okawaru.
  5014 | D:4      | Found a sacrificial altar of Ru.
  5038 | D:5      | Entered Level 5 of the Dungeon
  5098 | D:5      | Found Adghoifo's Antique Weapon Shop.
  5128 | D:5      | Reached skill level 5 in Armour
  5305 | D:5      | Noticed nobody's ghost (novice HOFi)
  5516 | D:6      | Found a sand-covered staircase.
  5528 | Ossuary  | Entered an ossuary
  6054 | Ossuary  | Reached skill level 6 in Armour
  6272 | Ossuary  | Gained mutation: You are partially covered in large bone plates (AC +2, SH +2). [demonic ancestry]
  6272 | Ossuary  | Reached XP level 8. HP: 47/61 MP: 10/10
  6431 | D:6      | Reached **** piety under Lugonu
  6622 | D:6      | Found a shadowy altar of Dithmenos.
  6741 | D:6      | Reached skill level 5 in Fighting
  7020 | D:6      | Found a radiant altar of Vehumet.
  7020 | D:6      | Found an opulent altar of Gozag.
  7279 | D:7      | Found an ancient bone altar of Kikubaaqudgha.
  7887 | D:7      | Reached skill level 7 in Armour
  8485 | D:8      | Reached XP level 9. HP: 42/68 MP: 6/11
  9149 | D:8      | Reached skill level 5 in Axes
  9169 | D:8      | HP: 3/69 [orc priest/nerve-wracking pain (13)]
  9170 | D:8      | HP: 1/69 [orc warrior/scimitar (2)]
  9170 | D:8      | Slain by an orc priest

Skill      XL: |  1  2  3  4  5  6  7  8  9 |
---------------+----------------------------+-----
Dodging        | 1 2 3 |  3.3
Axes           | 2 3 4 5 |  5.1
Armour         | 2 3 4 6 7 |  7.8
Invocations    | 3 |  3.4
Fighting       | 4 5 |  5.8
Shields        | 1 3 |  3.5
Stealth        | 1 |  1.1
Throwing       | |  0.1

Action                   |  1- 3 |  4- 6 |  7- 9 || total
-------------------------+-------+-------+-------++-------
Melee: Hand axe          |   144 |   185 |   408 ||   737
       Kick              |    14 |    34 |   158 ||   206
       War axe           |       |       |   146 ||   146
Throw: Tomahawk          |       |       |     4 ||     4
Invok: Depart the Abyss  |     1 |       |       ||     1
       Banish            |       |       |     2 ||     2
  Use: Scroll            |       |     5 |     8 ||    13
       Potion            |       |       |     3 ||     3
  Eat: Chunk             |     2 |     9 |    12 ||    23
       Bread ration      |       |       |     2 ||     2
       Meat ration       |       |       |     2 ||     2
       Pizza             |       |       |     1 ||     1
Armor: Chain mail        |   130 |   161 |   439 ||   730
Dodge: Dodged            |    52 |    69 |   189 ||   310
Block: Buckler           |    12 |    36 |   203 ||   251
